 Dungeon Crawl Stone Soup version 0.21.1-1-g345015fe64 (webtiles) character file.

27080 Jyngge the Basher (level 13, -6/114 (116) HPs)
             Began as a Minotaur Fighter on June 23, 2018.
             Was a High Priest of the Shining One.
             Shot with an arrow by a centaur warrior (8 damage)
             ... on level 13 of the Dungeon.
             The game lasted 01:03:21 (13475 turns).

Jyngge the Basher (Minotaur Fighter)               Turns: 13475, Time: 01:03:22

HP:   -6/114 (116)  AC:  0    Str: 26    XL:     13   Next: 2%
MP:   15/15         EV: 21    Int:  5    God:    the Shining One [*****.]
Gold: 633           SH:  0    Dex: 15    Spells: 12/12 levels left

rFire    . . .     SeeInvis .   (weapon currently unavailable)
rCold    . . .     Gourm    .   (shield currently unavailable)
rNeg     + + .     Faith    .   (armour currently unavailable)
rPois    .         Spirit   .   (helmet currently unavailable)
rElec    .         Reflect  .   (cloak currently unavailable)
rCorr    .         Harm     .   (gloves currently unavailable)
MR       .....                  (boots currently unavailable)
Stlth    +.........             j - amulet of magic regeneration
HPRegen  0.29/turn              (ring currently unavailable)
MPRegen  0.39/turn              (ring currently unavailable)

@: agile, pig-form, glowing, very quick
A: small, (retaliatory headbutt)
a: Divine Shield, Cleansing Flame, Summon Divine Warrior, Renounce Religion


You were on level 13 of the Dungeon.
You worshipped the Shining One.
The Shining One was extremely pleased with you.
You were hungry.
You were a filthy swine.
You visited 2 branches of the dungeon, and saw 14 of its levels.
You also visited: Ossuary.

You collected 633 gold pieces.

Inventory:

Hand Weapons
 k - a +2 great mace of crushing
 M - a +3 mace of protection (melded)
Missiles
 n - 295 stones (quivered)
Armour
 c - a +0 shield (melded)
 d - a +0 robe of cold resistance
 s - a +0 pair of gloves (melded)
 x - a +1 chain mail of fire resistance
 O - a +0 cloak (melded)
 R - a +0 pair of boots (melded)
 W - a +2 chain mail of cold resistance (melded)
Jewellery
 b - an uncursed ring of resist corrosion
 j - an amulet of magic regeneration (around neck)
 y - a +4 ring of slaying (melded)
 G - an uncursed ring of see invisible
 Y - a +5 ring of evasion (melded)
Wands
 q - a wand of polymorph (35)
 Q - a wand of flame (41)
 T - a wand of digging (15)
 V - a wand of acid (11)
Scrolls
 e - 3 scrolls of enchant armour
 h - 8 scrolls of identify
 i - 3 scrolls of amnesia
 m - a scroll of random uselessness {unknown}
 o - 2 scrolls of enchant weapon
 p - 3 scrolls of teleportation
 r - a scroll of magic mapping {unknown}
 u - 3 scrolls of fog
 z - a scroll of blinking {unknown}
 F - a scroll of summoning {unknown}
 H - 2 scrolls of fear {unknown}
 J - 5 scrolls of remove curse
 L - a scroll of acquirement {unknown}
 S - 2 scrolls of vulnerability {unknown}
Potions
 g - 3 potions of haste {unknown}
 l - 4 potions of flight {unknown}
 t - 5 potions of brilliance
 v - 5 potions of mutation {unknown}
 w - 4 potions of curing {unknown}
 B - 3 potions of magic
 C - a potion of degeneration {unknown}
 D - 3 potions of lignification {unknown}
 E - 4 potions of heal wounds {unknown}
 I - 3 potions of berserk rage {unknown}
 K - a potion of agility
 U - a potion of invisibility {unknown}
Books
 A - a book of Geomancy

   Spells                             Type                      Level
   a - Sandblast                      Earth                        1
   b - Passwall                       Transmutation/Earth          2
   c - Stone Arrow                    Conjuration/Earth            3
   d - Petrify                        Transmutation/Earth          4
   e - Lee's Rapid Deconstruction     Earth                        5
 N - a book of Misfortune

   Spells                             Type                      Level
   a - Confusing Touch                Hexes                        1
   b - Confuse                        Hexes                        3
   c - Gell's Gravitas                Translocation                3
   d - Petrify                        Transmutation/Earth          4
   e - Metabolic Englaciation         Hexes/Ice                    5
   f - Yara's Violent Unravelling     Hexes/Transmutation          5
 P - a book of Cantrips

   Spells                             Type                      Level
   a - Confusing Touch                Hexes                        1
   b - Animate Skeleton               Necromancy                   1
   c - Summon Small Mammal            Summoning                    1
   d - Apportation                    Translocation                1
 Z - a book of Conjurations

   Spells                             Type                      Level
   a - Magic Dart                     Conjuration                  1
   b - Searing Ray                    Conjuration                  2
   c - Dazzling Spray                 Conjuration/Hexes            3
   d - Fulminant Prism                Conjuration/Hexes            4
   e - Force Lance                    Conjuration/Translocation    4
   f - Iskenderun's Mystic Blast      Conjuration                  4
Comestibles
 f - 25 rations


   Skills:
 + Level 11.4 Fighting
   Level 7.6(11.4) Axes
 - Level 13.3(14.0) Maces & Flails
 + Level 12.1 Armour
 - Level 3.0 Dodging
 - Level 0.7 Stealth
 + Level 12.8 Shields
 * Level 4.9 Invocations


You had 12 spell levels left.
You didn't know any spells.

Dungeon Overview and Level Annotations

Branches:
Dungeon (13/15)            Temple (1/1) D:7            Lair (0/6) D:8
    Orc (0/2) D:11         Vaults (0/5) D:13

Altars:
Ashenzari
Cheibriados
Dithmenos
Elyvilon
Fedhas
Gozag
Hepliaklqana
Kikubaaqudgha
Makhleb
Nemelex Xobeh
Okawaru
Qazlal
Ru
Sif Muna
Trog
Uskayaw
Vehumet
Wu Jian
Xom
Yredelemnul
Zin
The Shining One

Annotations:
D:13 Kirke


Innate Abilities, Weirdness & Mutations

((You reflexively headbutt those who attack you in melee.))
((You have a pair of horns on your head.))


Message History

You feel strangely unstable. The manticore bites you!
The manticore claws you! x2
* * * LOW HITPOINT WARNING * * *
Kirke hits you!
* * * LOW HITPOINT WARNING * * *
The manticore misses you. The manticore claws you!
* * * LOW HITPOINT WARNING * * *
The manticore claws you!
* * * LOW HITPOINT WARNING * * *
There is an open door here.
The manticore flicks its tail.
The volley of spikes misses you.
Your surroundings suddenly seem different.
The human shouts!
The centaur warrior shouts!
The centaur warrior shoots an arrow.
The arrow hits you.
* * * LOW HITPOINT WARNING * * *
Found an arrow.
You see here an arrow.
You feel agile all of a sudden.
The centaur warrior shoots an arrow.
The arrow hits you!
You die...

......> ..### ... #.#
#.## .... ...# #.#.#
#..# ....# #..# .
.... #.#####..# ...
... .........#.....
#....h.......
#............
............p..
####.#.......########
#.##.............# #
#.............#
#....c........#
#........p....#
....p.∩<.p.....


You could see a centaur warrior and a human.

Vanquished Creatures
  Rupert (D:13)
  The ghost of Eurus the Fighter, a journeyman GrFi of the Shining One (D:10)
  A hydra (D:9)
  Erica (D:8)
  2 two-headed ogres (D:12)
  Pikel (D:6)
  4 slime creatures (D:13)
  A deep elf mage (D:10)
  A manticore (D:13)
  3 cyclopes
  An ugly thing (D:12)
  Maurice (D:8)
  Joseph (D:9)
  Psyche (D:8)
  A gargoyle (D:13)
  An efreet (D:13)
  4 trolls
  A hornet (D:12)
  A meliai zombie (D:12)
  2 dream sheep (D:9)
  3 hippogriffs
  Sigmund (D:6)
  4 shadows
  2 hogs (D:13)
  A vampire (D:12)
  2 wyverns
  16 yaks
  4 humans (D:13)
  A hungry ghost (D:7)
  A water moccasin (D:9)
  2 porcupines (D:8)
  9 orc warriors
  4 ice beasts
  A slave (D:5)
  A black bear (D:6)
  An eye of draining (D:10)
  3 sky beasts
  11 necrophages
  A phantom (D:13)
  6 ogres
  10 centaurs
  2 crocodiles (D:8)
  8 bullfrogs
  6 big kobolds
  A gnoll sergeant (D:12)
  4 wyvern zombies
  A water moccasin zombie (Ossuary)
  3 scorpions
  2 jellies
  5 killer bees (D:10)
  7 wights (D:10)
  2 electric eels (D:10)
  4 howler monkeys
  5 crimson imps
  5 centaur zombies
  A bullfrog zombie (D:10)
  2 centaur skeletons
  7 orc priests
  Crazy Yiuf (D:4)
  6 hounds
  16 orc wizards
  3 bullfrog skeletons
  3 iguanas
  11 worker ants
  A hound zombie (Ossuary)
  11 mummies
  8 worker ant zombies
  10 adders
  9 gnolls
  A howler monkey skeleton (D:11)
  3 shadow imps
  3 oozes
  2 adder zombies (D:5)
  2 worms (D:3)
  3 dart slugs
  8 leopard geckos
  61 orcs
  4 giant cockroaches
  6 goblins
  6 hobgoblins
  8 jackals
  9 quokkas
  7 bats
  A frilled lizard (D:1)
  A jackal zombie (Ossuary)
  18 kobolds
  2 leopard gecko zombies (Ossuary)
  A quokka skeleton (D:4)
  3 quokka zombies (Ossuary)
  5 rats
  2 plants
414 creatures vanquished.

Vanquished Creatures (others)
  An orc (D:11)
  33 fungi (D:8)
  7 plants (D:8)
  3 withered plants
44 creatures vanquished.

Grand Total: 458 creatures vanquished

Notes
Turn   | Place    | Note
-------+----------+-------------------------------------------
     0 | D:1      | Jyngge the Minotaur Fighter began the quest for the Orb.
     0 | D:1      | Reached XP level 1. HP: 19/19 MP: 0/0
   227 | D:1      | Reached XP level 2. HP: 27/27 MP: 1/1
   725 | D:2      | Reached XP level 3. HP: 33/33 MP: 2/2
   856 | D:2      | Reached XP level 4. HP: 26/40 MP: 3/3
  1889 | D:3      | Found a glowing silver altar of Zin.
  1896 | D:3      | Found a basalt altar of Yredelemnul.
  1899 | D:3      | Noticed a necrophage
  1914 | D:3      | Killed a necrophage
  1914 | D:3      | Reached XP level 5. HP: 35/45 MP: 4/4
  2358 | D:3      | Reached skill level 5 in Axes
  2641 | D:4      | Noticed a sky beast
  2663 | D:4      | Killed a sky beast
  2663 | D:4      | Reached skill level 5 in Shields
  2663 | D:4      | Reached XP level 6. HP: 14/51 MP: 5/5
  2754 | D:4      | Reached skill level 5 in Armour
  2810 | D:4      | Reached skill level 5 in Fighting
  2810 | D:4      | Reached skill level 1 in Dodging
  2823 | D:4      | Got a jewelled buckler
  2951 | D:4      | Reached XP level 7. HP: 59/59 MP: 6/6
  3088 | D:4      | Found a sand-covered staircase.
  3099 | Ossuary  | Entered an ossuary
  3110 | Ossuary  | Identified the +2 buckler of Kamis {rN+++ Str-4 Int+4 Dex+4} (You found it on level 4 of the Dungeon)
  3864 | D:4      | Found a runed door.
  4047 | D:4      | Noticed Crazy Yiuf
  4050 | D:4      | Killed Crazy Yiuf
  4100 | D:5      | Entered Level 5 of the Dungeon
  4441 | D:5      | Reached XP level 8. HP: 68/68 MP: 7/7
  4448 | D:5      | Found a sacrificial altar of Ru.
  4547 | D:5      | Found a stormy altar of Qazlal.
  4645 | D:5      | Reached skill level 1 in Maces & Flails
  4857 | D:6      | Noticed Sigmund
  4857 | D:6      | Reached skill level 2 in Maces & Flails
  4868 | D:6      | Noticed Pikel
  4899 | D:6      | Killed Sigmund
  4899 | D:6      | Reached skill level 3 in Maces & Flails
  4943 | D:6      | Killed Pikel
  4943 | D:6      | Reached skill level 5 in Maces & Flails
  5016 | D:6      | Reached XP level 9. HP: 77/77 MP: 8/8
  5082 | D:7      | Reached skill level 6 in Maces & Flails
  5208 | D:7      | Reached skill level 7 in Maces & Flails
  5741 | D:7      | Found a staircase to the Ecumenical Temple.
  5752 | Temple   | Entered the Ecumenical Temple
  6006 | Temple   | Became a worshipper of the Shining One
  6138 | D:8      | Found a white marble altar of Elyvilon.
  6138 | D:8      | Noticed Erica
  6149 | D:8      | Killed Erica
  6149 | D:8      | Reached skill level 8 in Maces & Flails
  6246 | D:8      | Reached XP level 10. HP: 55/86 MP: 9/9
  6248 | D:8      | Noticed Psyche
  6264 | D:8      | Killed Psyche
  6264 | D:8      | Reached skill level 9 in Maces & Flails
  6637 | D:8      | Noticed a cyclops
  6701 | D:8      | Killed a cyclops
  6938 | D:8      | Reached skill level 10 in Maces & Flails
  6949 | D:8      | Found a staircase to the Lair.
  6978 | D:8      | Found an opulent altar of Gozag.
  6978 | D:8      | Found a bloodstained altar of Trog.
  6980 | D:8      | Found a shadowy altar of Dithmenos.
  7167 | D:8      | Found an ornate altar of the Wu Jian Council.
  7169 | D:8      | Noticed Maurice
  7188 | D:8      | Killed Maurice
  7222 | D:8      | Found a hide-covered altar of Uskayaw.
  7715 | D:9      | Reached * piety under the Shining One
  7875 | D:9      | Noticed a two-headed hydra
  7894 | D:9      | Killed a two-headed hydra
  7894 | D:9      | Reached skill level 11 in Maces & Flails
  7894 | D:9      | Reached XP level 11. HP: 43/95 MP: 10/10
  7913 | D:9      | Reached skill level 10 in Armour
  8662 | D:9      | Noticed Joseph
  8681 | D:9      | Killed Joseph
  8699 | D:9      | Noticed a two-headed ogre
  8959 | D:9      | Found a white marble altar of Elyvilon.
  9161 | D:10     | Entered Level 10 of the Dungeon
  9214 | D:10     | Reached ** piety under the Shining One
  9245 | D:10     | Reached skill level 12 in Maces & Flails
  9262 | D:10     | Noticed Eurus's ghost (journeyman GrFi)
  9326 | D:10     | Killed Eurus's ghost
  9708 | D:10     | Reached *** piety under the Shining One
  9708 | D:10     | Reached skill level 10 in Shields
  9768 | D:10     | Reached skill level 10 in Fighting
  9907 | D:10     | Noticed a deep elf mage
  9916 | D:10     | Killed a deep elf mage
  9941 | D:10     | Noticed a two-headed ogre
 10114 | D:10     | Reached **** piety under the Shining One
 10780 | D:11     | Reached skill level 13 in Maces & Flails
 11366 | D:11     | Reached XP level 12. HP: 89/104 MP: 11/11
 11445 | D:11     | Reached skill level 1 in Invocations
 11546 | D:11     | Found a staircase to the Orcish Mines.
 11789 | D:12     | Noticed a two-headed ogre
 11813 | D:12     | Noticed a two-headed ogre
 11982 | D:12     | Reached ***** piety under the Shining One
 12054 | D:12     | Killed a two-headed ogre
 12086 | D:12     | Killed a two-headed ogre
 12422 | D:13     | Found a gate to the Vaults.
 12422 | D:13     | Noticed Rupert
 12422 | D:13     | Noticed a centaur warrior
 13015 | D:13     | Killed Rupert
 13277 | D:13     | Reached XP level 13. HP: 114/114 MP: 15/15
 13452 | D:13     | Noticed Kirke
 13470 | D:13     | HP: 4/114 [manticore[Kirke] (7)]
 13474 | D:13     | HP: 1/114 [centaur warrior/arrow (3)]
 13475 | D:13     | Shot with an arrow by a centaur warrior

Skill      XL: |  1  2  3  4  5  6  7  8  9 10 11 12 |
---------------+-------------------------------------+-----
Fighting       | 4 5 7 8 9 10 11 | 11.4
Axes           | 3 4 5 6 7 |  7.6
Armour         | 4 5 6 7 8 9 11 12 | 12.1
Shields        | 4 5 6 7 9 10 12 | 12.8
Dodging        | 1 2 3 |  3.0
Maces & Flails | 5 8 11 13 | 13.3
Invocations    | 4 |  4.9
Stealth        | |  0.7

Action                   |  1- 3 |  4- 6 |  7- 9 | 10-12 | 13-15 || total
-------------------------+-------+-------+-------+-------+-------++-------
Melee: War axe           |    75 |   104 |    83 |       |       ||   262
       Headbutt          |     3 |    19 |    58 |   189 |     3 ||   272
       Mace              |       |       |   187 |   744 |    10 ||   941
       Unarmed           |       |       |       |       |     6 ||     6
Throw: Stone             |       |       |       |     1 |       ||     1
Invok: Divine Shield     |       |       |       |     1 |       ||     1
  Use: Scroll            |       |       |     6 |     5 |     1 ||    12
       Potion            |       |       |       |     4 |     1 ||     5
  Eat: Chunk             |       |     7 |     8 |    17 |       ||    32
       Ration            |       |       |     2 |     2 |       ||     4
Armor: Scale mail        |    31 |    34 |       |       |       ||    65
       Chain mail        |       |    13 |   118 |   213 |     2 ||   346
Dodge: Dodged            |    25 |    41 |    71 |   203 |    16 ||   356
Block: Shield            |    41 |    64 |   121 |   346 |     4 ||   576
